 Dungeon Crawl Stone Soup version 0.28.0-62-gf88900778d (webtiles) character file.

Game seed: 2658153476848115337

115 cbfl8 the Skirmisher (level 4, -5/35 HPs)
             Began as a Demonspawn Fighter on Sept 5, 2023.
             Splashed by a jelly's acid (8 damage)
             ... in a sewer.
             The game lasted 00:02:18 (2736 turns).

cbfl8 the Skirmisher (Demonspawn Fighter)           Turns: 2736, Time: 00:02:20

Health: -5/35      AC:  4    Str: 22    XL:     4   Next: 68%
Magic:  4/4        EV:  9    Int: 10    God:
Gold:   127        SH:  5    Dex: 14    Spells: 3/3 levels left

rFire   . . .      SeeInvis .   a - +0 war axe
rCold   . . .      Faith    .   c - +0 buckler
rNeg    . . .      Spirit   .   b - +0 scale mail
rPois   .          Reflect  .   (no helmet)
rElec   .          Harm     .   (no cloak)
rCorr   .          Rampage  .   g - +0 pair of gloves
Will    +....                   (no boots)
Stlth   ..........              (no amulet)
HPRegen 0.11/turn               i - ring of willpower
MPRegen 0.09/turn               l - +6 ring of strength

@: corroded, attractive, hasted, very quick
A: demonic magic 1
a: no special abilities


You were in a sewer.
You visited 1 branch of the dungeon, and saw 3 of its levels.
You also visited: Sewer.

You collected 127 gold pieces.

Inventory:

Hand Weapons
 a - a +0 war axe (weapon)
Armour
 b - a +0 scale mail (worn)
 c - a +0 buckler (worn)
 g - a +0 pair of gloves (worn)
Jewellery
 i - a ring of willpower (left hand)
 l - a +6 ring of strength (right hand)
Scrolls
 e - a scroll of acquirement {unknown}
 f - 2 scrolls of identify {unknown}
 h - a scroll of teleportation {unknown}
 j - 2 scrolls of noise {unknown}
 m - a scroll of amnesia {unknown}
 n - a scroll of immolation {unknown}
Potions
 d - a potion of might
 k - a potion of attraction
 o - a potion of haste


   Skills:
 + Level 3.4 Fighting
 + Level 3.1 Axes
 + Level 3.2 Armour
 + Level 3.0 Shields
 * Level 1.6 Evocations


You had 3 spell levels left.
You didn't know any spells.
Your spell library contained the following spells:

 Spells                   Type           Power      Damage    Failure   Level
 Animate Skeleton         Necr           0%         N/A       78%         1
 Apportation              Tloc           0%         N/A       78%         1
 Summon Small Mammal      Summ           0%         N/A       78%         1


Dungeon Overview and Level Annotations

Branches:
Dungeon (3/15)              Sewer (1/1)

Altars:
Okawaru


Innate Abilities, Weirdness & Mutations

Spells you cast may paralyse adjacent enemies.


Message History

The jelly closely misses you.
Unknown command.
Your unstable footing causes you to fumble your attack.
The jelly closely misses you. The jelly hits you. The acid corrodes you!
You are splashed with acid!
The endoplasm splashes around in the water.
The jelly hits you but does no damage. You block the jelly's attack.
Unknown command.
Your unstable footing causes you to fumble your attack.
The endoplasm freezes you.
You are frozen.
The jelly hits you.
You are splashed with acid!
The jelly hits you but does no damage.
Unknown command.
You are too injured to fight recklessly!
Unknown command.
You are too injured to fight recklessly!
Unknown command.
You enter the shallow water.
Moving in this stuff is going to be slow.
The jelly completely misses you. The jelly barely misses you.
The jelly jiggles.
You enter the shallow water.
Moving in this stuff is going to be slow.
The jelly closely misses you.
You are no longer corroded.
The jelly hits you but does no damage.
You enter the shallow water.
Moving in this stuff is going to be slow.
The jelly barely misses you. The jelly hits you. The acid corrodes you!
You are splashed with acid!
* * * LOW HITPOINT WARNING * * *
It was a potion of attraction.
You feel attractive to monsters. The jelly closely misses you.
The jelly barely misses you. The endoplasm is attracted toward you.
It was a potion of haste.
You feel yourself speed up. The jelly hits you.
* * * LOW HITPOINT WARNING * * *
You are splashed with acid!
You die...

#.....†......#
##.J≈≈≈≈
#.≈###########
##..≈†≈≈# #..#
##≈≈≈≈.≈.. #..#
#≈≈.≈###≈. #..##
##≈.≈## ##. #...###
###.≈.## #
#.≈≈†.#########.≈..≈#
##.......≈.J.....≈≈##
####.....@JJ.§.####
#############


You could see 2 jellies and an endoplasm.

Vanquished Creatures
  An adder (D:2)
  2 river rats (Sewer)
  3 worms
  4 dart slugs
  11 endoplasms
  6 giant cockroaches
  5 hobgoblins
  4 jackals (D:2)
  8 kobolds
  11 ball pythons
  2 bats (D:3)
  2 frilled lizards (Sewer)
  A goblin (D:2)
  10 rats
70 creatures vanquished.

Notes
Turn   | Place    | Note
-------+----------+-------------------------------------------
     0 | D:1      | cbfl8 the Demonspawn Fighter began the quest for the Orb.
     0 | D:1      | Reached XP level 1. HP: 18/18 MP: 1/1
    91 | D:1      | You fall into a shaft and drop 1 floor!
   177 | D:1      | Gained mutation: Spells you cast may paralyse adjacent
                  | enemies. [demonic ancestry]
   177 | D:1      | Reached XP level 2. HP: 24/24 MP: 2/2
   188 | D:1      | Found a faded altar of an unknown god.
   546 | D:1      | Reached XP level 3. HP: 24/29 MP: 3/3
   896 | D:2      | Found an iron altar of Okawaru.
  1223 | D:2      | Reached skill level 1 in Evocations
  2071 | D:3      | Reached XP level 4. HP: 35/35 MP: 4/4
  2203 | D:3      | Found a glowing drain.
  2226 | Sewer    | Entered a sewer
  2706 | Sewer    | Found a viscous altar of Jiyva.
  2736 | Sewer    | Splashed by a jelly's acid

Illustrated notes

Levels and vault maps discovered:
D:1:      sevenhm_arrival_forest_fort_small_3, layout_rooms, serial_rivers,
          chequers_serial_rivers_room_b, chequers_serial_rivers_marsh,
          chequers_serial_rivers_room_b, chequers_serial_rivers_large_b,
          chequers_serial_rivers_marsh, chequers_serial_rivers_small_a,
          chequers_ecumenical_altar_twisty
D:2:      layout_loops_ring, basic_altar
D:3:      layout_loops_ring, portal_sewer_entry_c, minmay_distorted
Sewer:    sewer_hellmonk_slimy_pipes

Skill      XL: |  1  2  3  4 |
---------------+-------------+-----
Axes           | 2 3 |  3.1
Armour         | 3 |  3.2
Evocations     | 1 |  1.6
Shields        | 3 |  3.0
Fighting       | |  3.4

Action                   |  1- 3 |  4- 6 || total
-------------------------+-------+-------++-------
Melee: War axe           |   104 |    87 ||   191
  Use: Potion            |       |     2 ||     2
Armor: Scale mail        |    38 |    47 ||    85
Dodge: Dodged            |    38 |    54 ||    92
Block: Buckler           |    26 |    35 ||    61
